 Dungeon Crawl Stone Soup version 0.26-a0-812-g31a745ddcd (webtiles) character file.

Game seed: 17010272431276039208

111 Lanoc the Insei (level 4, 0/33 HPs)
             Began as a Vampire Transmuter on Nov 15, 2020.
             Slain by Natasha (6 damage)
             ... on level 3 of the Dungeon.
             The game lasted 00:02:33 (1978 turns).

Lanoc the Insei (Vampire Transmuter)                Turns: 1978, Time: 00:02:34

Health: 0/33       AC:  2    Str:  9    XL:     4   Next: 62%
Magic:  5/7        EV: 13    Int: 16    God:
Gold:   158        SH:  0    Dex: 14    Spells: 4/7 levels left

rFire    . . .     SeeInvis +     - Unarmed
rCold    . . .     Faith    .   (no shield)
rNeg     . . .     Spirit   .   a - +0 robe
rPois    .         Reflect  .   (helmet currently unavailable)
rElec    .         Harm     .   (no cloak)
rCorr    .         Rampage  .   (no gloves)
MR       .....                  (boots currently unavailable)
Stlth    +.........             (no amulet)
HPRegen  0.31/turn              (no ring)
MPRegen  0.10/turn              (no ring)

@: appendages (expiring), wereblooded, regenerating quickly
A: fangs 3, horns 2, talons 2, see invisible, unbreathing
a: Exsanguinate, End Transformation


You were on level 3 of the Dungeon.
You had grown temporary horns.
You had grown temporary talons.
You visited 1 branch of the dungeon, and saw 3 of its levels.

You collected 158 gold pieces.

Inventory:

Armour
 a - a +0 robe (worn)
Scrolls
 b - a scroll of magic mapping {unknown}
 d - a scroll of amnesia {unknown}
 e - 2 scrolls of identify {unknown}
 f - 2 scrolls of noise {unknown}
 g - 3 scrolls of remove curse {unknown}
 h - 3 scrolls of blinking {unknown}
 j - a scroll of fog {unknown}
 m - a scroll of fear {unknown}
Potions
 c - 3 potions of lignification {unknown}
 i - a potion of attraction {unknown}
 k - a potion of magic {unknown}
 l - a potion of curing {unknown}


   Skills:
 + Level 1.9 Fighting
 + Level 3.1 Dodging
 * Level 4.5 Unarmed Combat
 - Level 2.0 Spellcasting
 + Level 3.1 Transmutations


You had 4 spell levels left.
You knew the following spells:

 Your Spells              Type           Power        Failure   Level
a - Beastly Appendage     Tmut           ##....       6%          1
b - Wereblood             Tmut           ##......     9%          2

Your spell library contained the following spells:

 Spells                   Type           Power        Failure   Level
 Spider Form              Tmut/Pois      #.........   32%         3
 Ice Form                 Ice/Tmut       #.......     73%         4
 Blade Hands              Tmut           ##........   85%         5


Dungeon Overview and Level Annotations

Branches:
Dungeon (3/15)

Altars:
Cheibriados

Annotations:
D:3 Natasha


Innate Abilities, Weirdness & Mutations

Your natural rate of healing is unusually fast.
You have razor-sharp teeth.
You have supernaturally acute eyesight. (SInv)
You can survive without breathing.
You have a pair of horns on your head.
You have razor-sharp toenails.


Message History

Natasha is heavily wounded.
You hit Natasha but do no damage. You claw Natasha, but do no damage.
Natasha is heavily wounded.
Your transformation is almost over.
Natasha barely misses you.
You closely miss Natasha.
Natasha is heavily wounded.
Natasha claws you! The goblin hits you with a +0 dagger.
You barely miss Natasha.
Natasha is heavily wounded.
Natasha claws you!
* * * LOW HITPOINT WARNING * * *
The goblin hits you but does no damage.
You closely miss the goblin. You claw the goblin.
You kill the goblin!
Natasha closely misses you.
You closely miss Natasha. Your headbutt misses Natasha.
Natasha is heavily wounded.
Natasha claws you.
You die...

## #.#.# #.# #.# #
#...####.#.## ##.###.###
....[.......#####...##.##.
(...#......>.......[†..#..
.............####.(.......
...≈.........# ##........
...≈≈........#####........
......†.....###...........
......†.h@..........>....#
...(..†.)#..#.#.##.#####.#
#......≈.#...##.#### ###
#.....≈♣#...###.# #......
##..# #.# #...... #... ..#
....... #......# .h[....
#$.##..# #.####.#


You could see Natasha.

Vanquished Creatures
  5 adders
  An ooze (D:2)
  2 worms (D:2)
  2 dart slugs
  An orc (D:3)
  4 giant cockroaches
  11 goblins
  6 hobgoblins
  4 jackals (D:3)
  A quokka (D:2)
  2 bats (D:1)
  3 frilled lizards
  7 kobolds
  A rat (D:2)
50 creatures vanquished.

Notes
Turn   | Place    | Note
-------+----------+-------------------------------------------
     0 | D:1      | Lanoc the Vampire Transmuter began the quest for the Orb.
     0 | D:1      | Reached XP level 1. HP: 14/14 MP: 3/3
    26 | D:1      | Reached skill level 1 in Fighting
   306 | D:1      | Reached XP level 2. HP: 18/21 MP: 3/5
   320 | D:1      | Learned a level 2 spell: Wereblood
   656 | D:2      | Reached XP level 3. HP: 12/26 MP: 4/6
   768 | D:2      | Reached skill level 4 in Unarmed Combat
  1423 | D:2      | Reached XP level 4. HP: 24/32 MP: 3/7
  1800 | D:3      | Found a snail-covered altar of Cheibriados.
  1961 | D:3      | Noticed Natasha
  1978 | D:3      | Slain by Natasha

Illustrated notes

Levels and vault maps discovered:
D:1:      lightli_arrival_statue_moat, layout_rooms
D:2:      layout_loops_cross
D:3:      layout_loops_ring, cheibriados_altar_1, lemuel_doored_altar,
          chequers_ecumenical_altar_lobes, kennysheep_decorative_pillar,
          uniq_natasha

Skill      XL: |  1  2  3  4 |
---------------+-------------+-----
Fighting       | 1 |  1.9
Unarmed Combat | 4 |  4.5
Dodging        | 3 |  3.1
Transmutations | 3 |  3.1
Spellcasting   | |  2.0

Action                   |  1- 3 |  4- 6 || total
-------------------------+-------+-------++-------
Melee: Unarmed           |    99 |    63 ||   162
       Kick              |    19 |     5 ||    24
       Bite              |     8 |     1 ||     9
       Headbutt          |     8 |     5 ||    13
       Punch             |     1 |     1 ||     2
 Cast: Beastly Appendage |    20 |     5 ||    25
       Wereblood         |    11 |     5 ||    16
 Stab: Sleeping          |     1 |       ||     1
Armor: Robe              |     6 |    13 ||    19
Dodge: Dodged            |    61 |    63 ||   124

Table legend: (Time is in decaauts)
 A = Elapsed time spent in this place.
 B = Non-inter-level travel time spent in this place.
 C = Inter-level travel time spent in this place.
 D = Time resting spent in this place.
 E = Time spent auto-exploring this place.
 F = Levels seen in this place.
 G = Mean time per level.
                   A        B        C        D        E       F      G
               +--------+--------+--------+--------+--------+-----+--------+
         Total |   1965 |   1900 |     65 |      0 |   1572 |   3 |  655.0 |
       Dungeon |   1965 |   1900 |     65 |      0 |   1572 |   3 |  655.0 |
               +--------+--------+--------+--------+--------+-----+--------+

Top non-repeatable levels by time:
     D:2: 923 daAuts
     D:1: 627 daAuts
     D:3: 414 daAuts
